 Dungeon Crawl Stone Soup version 0.20.0-15-g7f486f2 (webtiles) character file.

9262 renl the Summoner (level 11, -9/85 HPs)
             Began as a Red Draconian Ice Elementalist on June 25, 2017.
             Was an Elder of Sif Muna.
             Mangled by a komodo dragon (29 damage)
             ... on level 1 of the Lair of Beasts on June 26, 2017.
             The game lasted 02:39:22 (12024 turns).

renl the Summoner (Red Draconian Ice Elementalist) Turns: 12024, Time: 02:39:22

Health: -9/85      AC: 10    Str: 11    XL:     11   Next: 20%
Magic:  9/22       EV: 17    Int: 17    God:    Sif Muna [****..]
Gold:   576        SH:  0    Dex: 17    Spells: 2/25 levels left

rFire    + . .     SeeInvis .   h - +3 halberd (freeze) (curse)
rCold    . . .     Gourm    .   (shield currently unavailable)
rNeg     . . .     Faith    .   (armour unavailable)
rPois    .         Spirit   .   (helmet restricted)
rElec    .         Reflect  .   F - +0 cloak
rCorr    .         Harm     .   f - +0 pair of gloves
MR       .....                  r - +0 pair of boots
Stlth    ++........             (no amulet)
Regen    0.3/turn               B - +4 ring of dexterity
MPRegen  0.2/turn               o - +3 ring of evasion

@: no status effects
A: breathe fire, unfitting armour, fire resistance 1, cold-blooded, AC +7
a: Breathe Fire, Divine Energy, Channel Magic, Forget Spell, Renounce Religion


You were on level 1 of the Lair of Beasts.
You worshipped Sif Muna.
Sif Muna was greatly pleased with you.
You were not hungry.

You visited 3 branches of the dungeon, and saw 13 of its levels.
You also visited: Bailey.

You collected 576 gold pieces.

Inventory:

Hand Weapons
 h - a cursed +3 halberd of freezing (weapon)
 s - a +2 trident
Missiles
 e - a throwing net
 A - 4 poisoned tomahawks (quivered)
Armour
 f - a +0 pair of gloves (worn)
 r - a +0 pair of boots (worn)
 F - a +0 cloak (worn)
Jewellery
 o - a +3 ring of evasion (right hand)
 B - a +4 ring of dexterity (left hand)
Wands
 p - a wand of lightning (3/15)
 x - a wand of disintegration (16/24)
 C - a wand of polymorph (3/24)
 D - a wand of acid (4/15)
 G - a wand of flame (14/48)
 S - a wand of disintegration (19/24)
 W - a wand of polymorph (8/24)
Scrolls
 a - a scroll of identify
 c - a scroll of remove curse
 i - 2 scrolls of blinking {unknown}
 n - 4 scrolls of immolation {unknown}
 q - 7 scrolls of enchant weapon {unknown}
 v - a scroll of acquirement {unknown}
 w - a scroll of fog {unknown}
 y - a scroll of teleportation {unknown}
 z - 2 scrolls of fear {unknown}
 H - a scroll of recharging {unknown}
 L - 2 scrolls of enchant armour {unknown}
 T - 2 scrolls of magic mapping {unknown}
 U - 2 scrolls of random uselessness {unknown}
 Y - a scroll of summoning
Potions
 j - 3 potions of brilliance
 l - 9 potions of heal wounds
 m - 5 potions of magic
 t - 2 potions of agility
 u - 5 potions of curing
 E - 4 potions of might
 I - 2 potions of flight
 J - a potion of degeneration {unknown}
 N - 2 potions of ambrosia {unknown}
 V - 3 potions of haste
 Z - a potion of experience {unknown}
Books
 k - a book of Battle

   Spells                             Type                      Level
   a - Infusion                       Charms                       1
   b - Shroud of Golubria             Charms/Translocation         2
   c - Song of Slaying                Charms                       2
   d - Spectral Weapon                Hexes/Charms                 3
   e - Regeneration                   Charms/Necromancy            3
Miscellaneous
 d - a box of beasts
Comestibles
 b - 5 bread rations
 g - 4 meat rations


   Skills:
 + Level 4.8 Fighting
 * Level 8.2 Polearms
 + Level 4.2 Dodging
 - Level 1.7 Stealth
 + Level 7.8 Spellcasting
 + Level 1.0 Conjurations
 + Level 1.6 Charms
 * Level 8.8 Summonings
 + Level 1.0 Necromancy
 + Level 0.4 Translocations
 - Level 6.3 Ice Magic


You had 2 spell levels left.
You knew the following spells:

 Your Spells              Type           Power        Failure   Level  Hunger
a - Freeze                Ice            ####         1%          1    None
b - Ozocubu's Armour      Chrm/Ice       ###.....     6%          3    #......
c - Summon Ice Beast      Ice/Summ       ####....     4%          4    ###....
d - Blink                 Tloc           N/A          14%         2    None
e - Conjure Flame         Conj/Fire      #.......     26%         3    #......
f - Slow                  Hex            #.......     16%         2    None
g - Call Imp              Summ           #####...     1%          2    None
h - Mephitic Cloud        Conj/Pois/Air  #.......     28%         3    #......
i - Regeneration          Chrm/Necr      ##........   19%         3    #......


Dungeon Overview and Level Annotations

Branches:
Dungeon (11/15)            Temple (1/1) D:4            Lair (1/6) D:10
    Orc (0/2) D:9

Altars:
Gozag
Kikubaaqudgha
Nemelex Xobeh
Okawaru
Qazlal
Sif Muna
Uskayaw
Vehumet
Yredelemnul
The Shining One

Annotations:
D:3 sambair's ghost, amateur OgHu


Innate Abilities, Weirdness & Mutations

You can breathe blasts of fire.
Your fiery red scales are hard. (AC +7)
You cannot fit into any form of body armour.
Your flesh is heat resistant. (rF+)
You are cold-blooded and may be slowed by cold attacks.


Message History

Confirm with . or Enter, or press ? or * to list all spells.
A chill wind blows around you. The komodo dragon bites you!
The komodo dragon bites you!
* * * LOW HITPOINT WARNING * * *
Your ice beast hits the komodo dragon but does no damage.
The komodo dragon barely misses your ice beast.
Your ice beast hits the komodo dragon but does no damage.
Attack whom?
Press: ? - help, Dir - move target cursor, f/p - komodo dragon
Aim: a komodo dragon You reach to attack!
You hit the komodo dragon. You freeze the komodo dragon.
The komodo dragon is lightly wounded.
The komodo dragon bites your ice beast!!
Your ice beast dies!
Casting: Summon Ice Beast
Confirm with . or Enter, or press ? or * to list all spells.
A chill wind blows around you.
Your ice beast hits the komodo dragon but does no damage.
The komodo dragon bites you!!
You die...

..(...##...............
.......##.....#...#.....
..................#P##..
..................#.#####.
........)..................
...#≈##.#............%....(
...#≈≈≈≈#..................
...≈≈≈≈≈#..................
...#≈≈≈≈#Y@...(............
.....####l.................
...........................
...##...###....##.##....## .
###.###......####.....#
...#............## #....##
.................####....##
............................
....#.......................


You could see a komodo dragon and a friendly ice beast.

Vanquished Creatures
  A manticore (D:11)
  A black mamba (Lair:1)
  A gargoyle (D:11)
  A wyvern (D:8)
  A water moccasin (Lair:1)
  5 orc warriors
  2 ice beasts
  4 phantoms
  3 black bears
  3 centaurs
  A wolf (D:10)
  4 bullfrogs
  A wyvern zombie (D:7)
  3 scorpions
  A water moccasin skeleton (D:6)
  An electric eel (D:10)
  12 wights
  A centaur zombie (D:10)
  6 crimson imps
  A bullfrog skeleton (D:6)
  3 hounds
  2 orc priests
  3 centaur skeletons
  A gnoll shaman (D:7)
  A jelly (D:7)
  Natasha (D:3)
  3 iguanas
  6 orc wizards
  7 worker ants
  A killer bee zombie (D:9)
  A hound skeleton (D:5)
  8 gnolls
  6 adders
  3 shadow imps
  2 adder skeletons
  A worm (D:5)
  3 dart slugs
  3 leopard geckos
  22 orcs
  2 ball pythons
  5 giant cockroaches
  4 goblins
  8 hobgoblins
  2 jackals (D:7)
  6 kobolds
  8 quokkas
  5 bats
  5 frilled lizards
  A jackal zombie (D:6)
  A leopard gecko skeleton (D:4)
  7 rats
  2 fungi (D:6)
186 creatures vanquished.

Vanquished Creatures (collateral kills)
  Harold (D:10)
  A two-headed ogre (D:10)
  The ghost of sscrono2 the Covert, a novice OpAs of Jiyva (D:9)
  An orc knight (Bailey)
  Pikel (D:7)
  The ghost of ENesbit the Martial Artist, a novice TeMo of Vehumet (D:8)
  A gargoyle (D:11)
  Psyche (D:8)
  A komodo dragon (D:10)
  A troll (D:10)
  Prince Ribbit (D:5)
  A hippogriff (D:10)
  A spriggan (D:10)
  2 wraiths (D:11)
  A porcupine (Lair:1)
  9 orc warriors
  A slave (D:7)
  A black bear (D:6)
  2 sky beasts
  A centaur (D:11)
  2 wolves (D:10)
  A crocodile (D:11)
  2 ogres (D:9)
  A bullfrog (D:11)
  2 scorpions (D:8)
  4 killer bees
  8 wights
  4 hounds
  4 orc priests
  4 orc wizards
  Crazy Yiuf (D:6)
  2 iguanas (D:11)
  A worker ant zombie (D:10)
  4 gnolls (D:7)
  4 adders
  A shadow imp (D:8)
  58 orcs
  2 quokkas (D:7)
135 creatures vanquished.

Vanquished Creatures (others)
  A slave (D:7)
  A centaur (D:7)
  A worker ant (D:7)
  A leopard gecko (D:7)
  A quokka (D:7)
5 creatures vanquished.

Grand Total: 326 creatures vanquished

Notes
Turn   | Place    | Note
-------+----------+-------------------------------------------
     0 | D:1      | renl the Draconian Ice Elementalist began the quest for the Orb.
     0 | D:1      | Reached XP level 1. HP: 14/14 MP: 3/3
   324 | D:1      | Reached XP level 2. HP: 20/20 MP: 1/5
  1046 | D:2      | Reached XP level 3. HP: 15/26 MP: 2/6
  1309 | D:2      | Found an ancient bone altar of Kikubaaqudgha.
  1618 | D:2      | Found a stormy altar of Qazlal.
  1741 | D:3      | Learned a level 3 spell: Ozocubu's Armour
  1773 | D:3      | Noticed a bullfrog
  1787 | D:3      | Killed a bullfrog
  1787 | D:3      | Reached skill level 1 in Polearms
  1787 | D:3      | Reached XP level 4. HP: 25/33 MP: 0/8
  1815 | D:3      | Noticed sambair's ghost (amateur OgHu)
  2109 | D:2      | Learned a level 4 spell: Summon Ice Beast
  2215 | D:3      | Noticed Natasha
  2222 | D:3      | Killed Natasha
  2222 | D:3      | Reached XP level 5. HP: 25/38 MP: 0/9
  2389 | D:3      | Reached skill level 5 in Ice Magic
  2771 | D:4      | Reached skill level 1 in Summonings
  2785 | D:4      | Noticed a phantom
  2892 | D:4      | Killed a phantom
  2892 | D:4      | Reached XP level 6. HP: 29/46 MP: 11/11
  2905 | D:4      | Found a staircase to the Ecumenical Temple.
  2912 | Temple   | Entered the Ecumenical Temple
  2943 | Temple   | Became a worshipper of Sif Muna the Loreminder
  3692 | D:5      | Entered Level 5 of the Dungeon
  3725 | D:5      | Reached skill level 1 in Fighting
  3875 | D:5      | Noticed Prince Ribbit
  3928 | D:5      | Killed Prince Ribbit
  3928 | D:5      | Your scales start taking on a fiery red colour.
  3928 | D:5      | Reached XP level 7. HP: 52/52 MP: 9/13
  3928 | D:5      | Gained mutation: Your flesh is heat resistant. (rF+) [Red Draconian growth]
  4336 | D:6      | Reached * piety under Sif Muna
  4467 | D:6      | Reached skill level 5 in Ice Magic
  4469 | D:6      | Reached skill level 5 in Spellcasting
  4597 | D:6      | Reached XP level 8. HP: 57/61 MP: 10/15
  4649 | D:6      | Found an opulent altar of Gozag.
  5275 | D:6      | Found a runed door.
  5288 | D:6      | Noticed Crazy Yiuf
  5294 | D:6      | Killed Crazy Yiuf
  5428 | D:7      | Noticed Pikel
  5452 | D:7      | Killed Pikel
  5666 | D:8      | Noticed Psyche
  5673 | D:8      | Reached ** piety under Sif Muna
  5673 | D:8      | Reached skill level 1 in Charms
  5782 | D:7      | Found a basalt altar of Yredelemnul.
  5858 | D:7      | Reached skill level 5 in Summonings
  6204 | D:7      | Reached XP level 9. HP: 68/68 MP: 14/17
  6906 | D:7      | Learned a level 2 spell: Blink
  6910 | D:7      | Learned a level 3 spell: Conjure Flame
  7146 | D:8      | Reached skill level 5 in Polearms
  7256 | D:8      | Noticed ENesbit's ghost (novice TeMo)
  7268 | D:8      | Killed ENesbit's ghost
  7901 | D:8      | Killed Psyche
  7901 | D:8      | Reached *** piety under Sif Muna
  8150 | D:9      | Found a flagged portal.
  8159 | Bailey   | Entered a bailey
  8413 | Bailey   | Reached XP level 10. HP: 70/78 MP: 9/19
  8549 | Bailey   | Noticed an orc knight
  8597 | Bailey   | Noticed an orc knight
  8652 | Bailey   | Killed an orc knight
  8942 | D:9      | Noticed sscrono2's ghost (novice OpAs)
  8969 | D:9      | Killed sscrono2's ghost
  8969 | D:9      | Reached **** piety under Sif Muna
  9042 | D:9      | Found a staircase to the Orcish Mines.
  9508 | Temple   | Learned a level 2 spell: Slow
  9511 | Temple   | Learned a level 2 spell: Call Imp
  9515 | Temple   | Learned a level 3 spell: Mephitic Cloud
  9662 | D:10     | Entered Level 10 of the Dungeon
  9662 | D:10     | Noticed Harold
  9662 | D:10     | Noticed a two-headed ogre
 10144 | D:10     | Found a staircase to the Lair.
 10197 | D:10     | Killed Harold
 10379 | D:10     | Noticed a two-headed ogre
 10548 | D:10     | Killed a two-headed ogre
 10869 | D:11     | Learned a level 3 spell: Regeneration
 11026 | D:11     | Noticed a gargoyle
 11059 | D:11     | Killed a gargoyle
 11209 | D:11     | Reached XP level 11. HP: 70/85 MP: 3/22
 11890 | Lair:1   | Entered Level 1 of the Lair of Beasts
 11959 | Lair:1   | Reached skill level 1 in Necromancy
 12024 | Lair:1   | Mangled by a komodo dragon

Skill      XL: |  1  2  3  4  5  6  7  8  9 10 11 |
---------------+----------------------------------+-----
Ice Magic      | 4 5 4 5 6 |  6.3
Polearms       | 1 2 3 4 6 7 8 |  8.2
Spellcasting   | 3 4 5 6 7 |  7.8
Summonings     | 1 2 3 5 6 8 |  8.8
Fighting       | 1 2 3 4 |  4.8
Dodging        | 2 3 4 |  4.2
Charms         | 1 |  1.6
Necromancy     | 1 |  1.0
Stealth        | |  1.7
Conjurations   | |  1.0
Translocations | |  0.4

Action                   |  1- 3 |  4- 6 |  7- 9 | 10-12 || total
-------------------------+-------+-------+-------+-------++-------
Melee: Unarmed           |    32 |       |       |       ||    32
       Tailslap          |     4 |     6 |    29 |    42 ||    81
       Trident           |    21 |   108 |   217 |   345 ||   691
       Halberd           |       |       |   183 |    42 ||   225
       Spear             |       |       |       |    82 ||    82
 Cast: Freeze            |    52 |    53 |    46 |    12 ||   163
       Ozocubu's Armour  |     1 |    12 |    18 |    14 ||    45
       Summon Ice Beast  |       |     1 |    59 |    66 ||   126
       Blink             |       |       |     1 |     3 ||     4
       Conjure Flame     |       |       |     1 |       ||     1
       Call Imp          |       |       |       |    33 ||    33
       Regeneration      |       |       |       |     7 ||     7
 Abil: Breathe Fire      |       |       |     6 |     1 ||     7
  Use: Scroll            |       |       |    10 |     3 ||    13
       Potion            |       |       |     1 |       ||     1
 Stab: Sleeping          |     4 |     4 |     3 |     3 ||    14
       Distracted        |       |       |     3 |    11 ||    14
  Eat: Chunk             |     3 |     9 |    18 |    20 ||    50
       Bread ration      |       |       |     2 |     1 ||     3
Armor: Skin              |    32 |    31 |    89 |    87 ||   239
Dodge: Dodged            |    60 |    81 |   322 |   313 ||   776
